 Dungeon Crawl Stone Soup version 0.29-a0-474-gdfe5cd140f (webtiles) character file.

Game seed: 16575632895107055413

191 bande the Covered (level 5, -1/33 HPs)
             Began as a Gargoyle Fighter on May 23, 2022.
             Splashed by a jelly's acid (11 damage)
             ... on level 4 of the Dungeon.
             The game lasted 00:04:07 (3476 turns).

bande the Covered (Gargoyle Fighter)                Turns: 3476, Time: 00:04:07

Health: -1/33      AC:  8    Str: 20    XL:     5   Next: 70%
Magic:  5/5        EV:  5    Int:  8    God:
Gold:   131        SH:  4    Dex: 11    Spells: 4/4 levels left

rFire   . . .      SeeInvis .   a - +0 war axe
rCold   . . .      Faith    .   c - +0 buckler
rNeg    + . .      Spirit   .   t - +0 plate armour
rPois   ∞          Reflect  .   (no helmet)
rElec   +          Harm     .   (no cloak)
rCorr   .          Rampage  .   (no gloves)
Will    .....                   (no boots)
Stlth   ..........              (no amulet)
HPRegen 0.11/turn               (no ring)
MPRegen 0.09/turn               (no ring)

@: corroded
A: sickness immunity, AC +4, negative energy resistance 1, electricity
resistance, torment resistance 1, petrification resistance
a: no special abilities


You were on level 4 of the Dungeon.
You visited 1 branch of the dungeon, and saw 4 of its levels.

You collected 131 gold pieces.

Inventory:

Hand Weapons
 a - a +0 war axe (weapon)
 f - a +0 vorpal mace
Armour
 c - a +0 buckler (worn)
 m - a +0 ring mail of cold resistance
 t - a +0 plate armour (worn)
Wands
 r - a wand of iceblast (10)
Scrolls
 b - a scroll of magic mapping {unknown}
 e - 4 scrolls of teleportation {unknown}
 n - 3 scrolls of fear {unknown}
 o - a scroll of enchant weapon {unknown}
 p - a scroll of vulnerability {unknown}
 q - 3 scrolls of fog {unknown}
 s - a scroll of noise {unknown}
Potions
 d - a potion of might
 g - a potion of lignification {unknown}
 h - a potion of flight {unknown}
 i - 2 potions of haste {unknown}
 j - 2 potions of brilliance {unknown}
 k - 2 potions of mutation {unknown}
 l - 2 potions of curing {unknown}
 u - a potion of heal wounds {unknown}
 v - a potion of degeneration {unknown}


   Skills:
 + Level 3.9 Fighting
 + Level 3.3 Axes
 + Level 4.5 Armour
 + Level 3.9 Shields
 * Level 1.2 Evocations


You had 4 spell levels left.
You didn't know any spells.
Your spell library contained the following spells:

 Spells                   Type           Power      Damage    Failure   Level
 Freeze                   Ice            0%         1d3       100%        1
 Sting                    Tmut/Pois      0%         1d3       100%        1
 Poisonous Vapours        Pois/Air       0%         N/A       100%        2
 Frozen Ramparts          Ice            0%         1d2       100%        3
 Hailstorm                Conj/Ice       0%         3d3       100%        4
 Olgreb's Toxic Radiance  Pois           0%         N/A       100%        4


Dungeon Overview and Level Annotations

Branches:
Dungeon (4/15)
 Temple: D:4-7

Altars:


Innate Abilities, Weirdness & Mutations

You are immune to sickness and miasma.
Your stone body is resilient. (AC +4)
You are immune to poison.
You resist negative energy. (rN+)
You are resistant to electric shocks. (rElec)
You are resistant to unholy torment.
You are immune to petrification.


Message History

You kill the goblin!
No target in view!
No target in view!
No target in view!
No target in view!
No target in view!
No target in view!
Things that are here:
a +0 dagger; a +0 hunting sling
Found a scale mail.
v - a ruby potion You see here a +0 scale mail.
Found a stone staircase leading up.
A jelly comes into view.
The jelly quivers.
Found a leather armour.
You block the jelly's attack.
You hit the jelly.
Your hands burn!
The jelly is lightly wounded.
The jelly hits you but does no damage.
You barely miss the jelly.
The jelly is lightly wounded.
The jelly hits you but does no damage. x2
You hit the jelly.
Your hands burn!
The jelly is moderately wounded.
The jelly barely misses you.
A jelly is nearby!
A jelly is nearby!
You hit the jelly. The acid corrodes you!
Your hands burn!
The jelly is moderately wounded.
The jelly hits you. The acid corrodes you!
You are splashed with acid.
You are too injured to fight recklessly!
You are too injured to fight recklessly!
You are too injured to fight recklessly!
You are too injured to fight recklessly!
You are too injured to fight recklessly!
You slash the jelly!
Your hands burn!
The jelly is almost dead.
You block the jelly's attack. The jelly hits you.
You are splashed with acid!
You die...

......#......####.#..#
............###....<.#
##..........#.#......# #
#....#.....[.........[..
#....#..###........# ...
##..##.)##.........#....
##..#...#..............
#..................#.#
......##.....?..@..#
#...####..#......J.....#
##........#...........##
#.........###....#...##
..........# #....###.#
...#....... ...#.. .#
...........##..##. #
...≈≈≈≈≈... ... .
.≈≈≈≈≈≈≈≈≈.


You could see a jelly.

Vanquished Creatures
  2 hounds (D:4)
  3 gnolls (D:4)
  5 adders
  A worm (D:2)
  A dart slug (D:1)
  An orc (D:3)
  6 ball pythons
  5 bats
  5 endoplasms
  A giant cockroach (D:1)
  4 goblins
  9 hobgoblins
  4 kobolds
  A quokka (D:4)
  4 frilled lizards
  2 rats
54 creatures vanquished.

Notes
Turn   | Place    | Note
-------+----------+-------------------------------------------
     0 | D:1      | bande the Gargoyle Fighter began the quest for the Orb.
     0 | D:1      | Reached XP level 1. HP: 14/14 MP: 1/1
   189 | D:1      | Reached XP level 2. HP: 19/19 MP: 2/2
   468 | D:1      | Found a faded altar of an unknown god.
   918 | D:2      | Reached XP level 3. HP: 16/23 MP: 3/3
  1861 | D:2      | Reached skill level 4 in Armour
  2325 | D:3      | Identified the +2 robe "Ishried" {*Corrode rC++ rN++}
  2888 | D:3      | Reached XP level 4. HP: 29/29 MP: 4/4
  3187 | D:4      | Reached XP level 5. HP: 33/33 MP: 5/5
  3264 | D:4      | Reached skill level 1 in Evocations
  3476 | D:4      | Splashed by a jelly's acid

Illustrated notes

Levels and vault maps discovered:
D:1:      amcnicky_arrival_underground_garden, layout_basic,
          ebering_ecumenical_altar_hall
D:2:      layout_basic, solitary_fountain, minmay_tree_intersection,
          chequers_serial_rivers_micro_a, kennysheep_small_spiral,
          kennysheep_cross_bottleneck
D:3:      layout_basic, serial_rivers, chequers_serial_rivers_micro_c,
          chequers_serial_rivers_marsh, chequers_serial_rivers_room_a,
          chequers_serial_rivers_micro_e, chequers_serial_rivers_large_a,
          minmay_distorted
D:4:      layout_cave_pools, grunt_decor_junction, kennysheep_big_empty_room

Skill      XL: |  1  2  3  4  5 |
---------------+----------------+-----
Axes           | 2 3 |  3.3
Armour         | 4 |  4.5
Evocations     | 1 |  1.2
Fighting       | |  3.9
Shields        | |  3.9

Action                   |  1- 3 |  4- 6 || total
-------------------------+-------+-------++-------
Melee: War axe           |   134 |    64 ||   198
Armor: Scale mail        |    69 |    13 ||    82
       Plate armour      |       |    57 ||    57
Dodge: Dodged            |    69 |    34 ||   103
Block: Buckler           |    42 |    31 ||    73

Table legend: (Time is in decaauts)
 A = Elapsed time spent in this place.
 B = Non-inter-level travel time spent in this place.
 C = Inter-level travel time spent in this place.
 D = Time resting spent in this place.
 E = Time spent auto-exploring this place.
 F = Levels seen in this place.
 G = Mean time per level.
                   A        B        C        D        E       F      G
               +--------+--------+--------+--------+--------+-----+--------+
         Total |   3569 |   3456 |    113 |      0 |   2818 |   4 |  892.2 |
       Dungeon |   3569 |   3456 |    113 |      0 |   2818 |   4 |  892.2 |
               +--------+--------+--------+--------+--------+-----+--------+

Top non-repeatable levels by time:
     D:2: 1213 daAuts
     D:3: 1090 daAuts
     D:1: 919 daAuts
     D:4: 344 daAuts
